 Dungeon Crawl Stone Soup version 0.30.0-5-g1a98f26d00 (webtiles) character file.

Game seed: 16311377753559371943

182 Pimp the Trooper (level 5, -6/47 HPs)
             Began as a Hill Orc Fighter on May 8, 2023.
             Mangled by a yak (9 damage)
             ... on level 4 of the Dungeon.
             The game lasted 00:03:41 (2073 turns).

Pimp the Trooper (Hill Orc Fighter)                 Turns: 2073, Time: 00:03:41

Health: -6/47      AC:  9    Str: 21    XL:     5   Next: 61%
Magic:  5/5        EV:  9    Int: 10    God:
Gold:   199        SH:  5    Dex: 10    Spells: 4/4 levels left

rFire   . . .        a - +0 war axe
rCold   . . .        c - +1 buckler
rNeg    . . .        b - +0 scale mail
rPois   +            j - +1 helmet of the Five Beasts {*Corrode rPois Will+ Str+2}
rElec   .            (no cloak)
rCorr   .            (no gloves)
SInv    .            (no boots)
Will    +....        (no amulet) Stlth
                     (no ring)
HPRegen 0.27/turn    (no ring)
MPRegen 0.09/turn

%: corrode self (3%)
@: mighty
A: no striking features
a: no special abilities


You were on level 4 of the Dungeon.
You visited 1 branch of the dungeon, and saw 4 of its levels.

You collected 199 gold pieces.

Inventory:

Hand Weapons
 a - a +0 war axe (weapon)
 l - a +0 war axe
Armour
 b - a +0 scale mail (worn)
 c - a +1 buckler (worn)
 j - the +1 helmet of the Five Beasts (worn) {*Corrode rPois Will+ Str+2}
   (You took it off Robin on level 3 of the Dungeon)

   Str:       It affects your strength (+2).
   rPois:     It protects you from poison.
   *Corrode:  It may corrode you when you take damage.
   Will:      It increases your willpower.
Jewellery
 f - a ring of ice
Wands
 k - a wand of mindburst (16)
Potions
 g - 2 potions of lignification
 h - a potion of brilliance
 i - a potion of curing


   Skills:
 + Level 4.8 Fighting
 + Level 4.3 Axes
 + Level 4.4 Armour
 + Level 4.3 Shields


You had 4 spell levels left.
You didn't know any spells.
Your spell library contained the following spells:

 Spells                   Type           Power      Damage    Failure   Level
 Gell's Gravitas          Tloc           0%         N/A       98%         3
 Ozocubu's Armour         Ice            0%         N/A       98%         3
 Teleport Other           Tloc           0%         N/A       98%         3
 Dispersal                Tloc           0%         N/A       100%        6
 Ozocubu's Refrigeration  Ice            0%         4d7       100%        7


Dungeon Overview and Level Annotations

Branches:
Dungeon (4/15)
 Temple: D:4-7

Altars:
Elyvilon
Kikubaaqudgha
Zin


Message History

The yak misses you. The yak gores you. The yak attacks as you move away!
The yak gores you! The yak attacks as you move away! The yak barely misses you.
A goblin comes into view. It is wielding a +0 dagger.
Found 2 stones.
The yak gores you but does no damage. The yak attacks as you move away!
The yak gores you. The yak attacks as you move away!
The yak gores you but does no damage.
You hit the yak.
The yak is moderately wounded.
The yak barely misses you.
You slash the yak!
The yak is severely wounded.
You slash the yak!
The yak is moderately wounded.
The orc hits you but does no damage. The yak barely misses you.
You slash the yak!
The yak is severely wounded.
You hit the orc. The orc hits you but does no damage. The yak gores you.
You hit the yak but do no damage.
The yak is severely wounded.
You barely miss the orc. You hit the yak. The orc barely misses you.
The yak gores you but does no damage. The yak gores you.
Unknown command.
It was a potion of curing.
You feel better. The yak gores you. The yak gores you!
The orc hits you but does no damage.
You feel very mighty all of a sudden. The orc hits you but does no damage.
The yak gores you but does no damage. The yak gores you!
* * * LOW HITPOINT WARNING * * *
You slash the yak!
The yak is moderately wounded.
You barely miss the orc. You slash the yak! The yak barely misses you.
The yak gores you.
* * * LOW HITPOINT WARNING * * *
The orc hits you with a +0 hand axe.
* * * LOW HITPOINT WARNING * * *
You block the orc's attack. The yak gores you!
You die...

.... ###....#..........#
..... #....#.##.........#
.... ##.######.........#
##..# #.o# #......)....##
##....##.O##.............
.#......#Y.................
.....##...........
(........##o......
......#.YY@Y...... ##...
#.g###...... #.# #...
.....# # ###.. #..... ..#
...#. ... # ....


You could see 3 yaks, an orc and a goblin.

Vanquished Creatures
  An orc priest (D:3)
  Ijyb (D:3)
  Robin (D:3)
  4 adders (D:2)
  2 worms
  A dart slug (D:2)
  2 orcs (D:3)
  5 bats
  4 endoplasms (D:3)
  2 giant cockroaches (D:1)
  9 hobgoblins
  6 jackals
  A quokka (D:4)
  5 ball pythons
  6 frilled lizards
  8 goblins
  6 kobolds
  7 rats
71 creatures vanquished.

Notes
Turn   | Place    | Note
-------+----------+-------------------------------------------
     0 | D:1      | Pimp the Hill Orc Fighter began the quest for the Orb.
     0 | D:1      | Reached XP level 1. HP: 19/19 MP: 1/1
    37 | D:1      | Found a faded altar of an unknown god.
    68 | D:1      | Reached XP level 2. HP: 27/27 MP: 2/2
   526 | D:2      | Reached XP level 3. HP: 32/33 MP: 3/3
   802 | D:2      | Reached XP level 4. HP: 26/40 MP: 4/4
  1239 | D:3      | Found a glowing silver altar of Zin.
  1303 | D:3      | Reached XP level 5. HP: 26/47 MP: 5/5
  1489 | D:3      | Identified the +1 helmet of the Five Beasts {*Corrode rPois
                  | Will+ Str+2}
  1489 | D:3      | Noticed Robin
  1499 | D:3      | Killed Robin
  1534 | D:3      | Noticed Ijyb
  1546 | D:3      | Killed Ijyb
  1676 | D:3      | Found an ancient bone altar of Kikubaaqudgha.
  1920 | D:3      | Found a white marble altar of Elyvilon.
  2036 | D:4      | Noticed a yak
  2037 | D:4      | Noticed a yak
  2044 | D:4      | Noticed a yak
  2046 | D:4      | Noticed an ogre
  2073 | D:4      | Mangled by a yak

Illustrated notes

Levels and vault maps discovered:
D:1:      dpeg_arrival_orchard, layout_rooms, shapermc_ecumenical_altar_pompeii
D:2:      layout_loops_cross, minmay_stone_trees_small,
          kennysheep_generic_room_6
D:3:      layout_loops_ring, mainiacjoe_overflow_chevrons,
          mainiacjoe_overflow_six_doors_small, general_overflow_altar,
          uniq_ijyb, uniq_robin
D:4:      layout_cave_pools, minmay_temple_entry_from_below_a

Skill      XL: |  1  2  3  4 |
---------------+-------------+-----
Axes           | 3 4 |  4.3
Fighting       | 4 |  4.8
Armour         | 4 |  4.4
Shields        | 4 |  4.3

Action                     |  1- 3 |  4- 6 || total
---------------------------+-------+-------++-------
  Melee: War axe           |    85 |    88 ||   173
    Use: Scroll            |     4 |     5 ||     9
         Potion            |       |     2 ||     2
 Armour: Scale mail        |    55 |    53 ||   108
  Dodge: Dodged            |    43 |    49 ||    92
  Block: Buckler           |    27 |    18 ||    45
